 Dungeon Crawl Stone Soup version 0.18-a0-1140-g8540535 (webtiles) character file.

44410 Reinor the Summoner (level 14, -1/110 HPs)
             Began as an Octopode Chaos Knight on Jan 21, 2016.
             Slain by a jumping spider (8 damage)
             ... summoned by a deep elf mage
             ... on level 1 of the Elven Halls.
             The game lasted 01:44:20 (24836 turns).

Reinor the Summoner (Octopode Chaos Knight)        Turns: 24836, Time: 01:44:21

Health: -1/110     AC:  8    Str: 17      XL:     14   Next: 28%
Magic:  15/26      EV:  6    Int: 15 (18) God:    Xom [...*..]
Gold:   1579       SH:  0    Dex: 25      Spells: 5 memorised, 9 levels left

rFire  + + +     SeeInvis +       - Unarmed
rCold  + + .     Gourm    +     A - +0 buckler
rNeg   . . .     Faith    .     (helmet restricted)
rPois  +         Spirit   .     i - amulet of the gourmand
rElec  +         Dismiss  .     g - +3 ring of slaying
rCorr  .         Reflect  .     o - +2 ring of slaying
SustAt .         Harm     .     w - ring of fire
MR     ++...     Clarity  +     K - ring "Xoot" {rElec rPois Str+3}
Stlth  +++++++...               C - ring of fire
                                R - +5 ring of dexterity
                                Q - ring "Ibipp" {SInv Stlth+}
                                X - ring of protection from cold

@: held, constricted, very resistant to hostile enchantments, extremely stealthy
A: almost no armour, amphibious, 8 rings, constrict 8, antennae 1, tentacle
spike 2, iridescent scales 1, large bone plates 1, molten scales 1, camouflage
1, agile 2, clarity, clever 2, cold resistance 3, fire resistance 2, magic
resistance 1, sense surroundings 1, robust 2, electricity resistance, strong 1,
wild magic 1, gelatinous body 1, evolution 1
a: Renounce Religion


You were on level 1 of the Elven Halls.
You worshipped Xom.
You were a favourite toy of Xom.
You were not hungry.

You visited 5 branches of the dungeon, and saw 20 of its levels.
You also visited: Labyrinth and Sewer.

You collected 2277 gold pieces.
You spent 698 gold pieces at shops.

Inventory:

Armour
 A - a +0 buckler (worn)
Magical Staves
 a - an uncursed staff of summoning
Rods
 P - a +0 rod of ignition (13/13)
   (You found it on level 10 of the Dungeon)
Jewellery
 g - a +3 ring of slaying (left tentacle)
 i - an amulet of the gourmand (around mantle)
 o - a +2 ring of slaying (right tentacle)
 w - a ring of fire (on tentacle)
 z - an uncursed ring of ice
 C - a ring of fire (on tentacle)
 E - an uncursed amulet of guardian spirit
 G - the amulet of Duver {+Rage rF+}
   (You found it on level 5 of the Lair of Beasts)

   [amulet of rage]

   It protects you from fire.
   It lets you go berserk.
 K - the ring "Xoot" (on tentacle) {rElec rPois Str+3}
   (You found it in a labyrinth)

   [ring of poison resistance]

   It affects your strength (+3).
   It insulates you from electricity.
   It protects you from poison.
 Q - the ring "Ibipp" (on tentacle) {SInv Stlth+}
   (Xom gifted it to you on level 1 of the Orcish Mines)

   [ring of stealth]

   It lets you see invisible.
   It makes you more stealthy.
 R - a +5 ring of dexterity (on tentacle)
 W - a cursed ring of teleportation
 X - a ring of protection from cold (on tentacle)
Wands
 d - a wand of disintegration (8/24)
 x - a wand of disintegration (1/24)
 Y - a wand of paralysis (9/24)
Scrolls
 e - a scroll of silence
 f - 3 scrolls of enchant armour
 p - 3 scrolls of recharging
 q - a scroll of magic mapping
 y - 4 scrolls of remove curse
 F - a scroll of enchant weapon
 H - 2 scrolls of teleportation
 L - 2 scrolls of fog
 S - a scroll of immolation
 U - a scroll of fear
Potions
 b - 3 potions of cure mutation
 h - 2 potions of lignification
 l - 8 potions of curing
 m - a potion of might
 n - 2 potions of agility
 t - a potion of haste
 B - a potion of flight
 O - 2 potions of cancellation
Books
 v - a book of Summonings

   Spells                             Type                      Level
   a - Recall                         Summoning/Translocation      3
   b - Aura of Abjuration             Summoning                    5
   c - Summon Demon                   Summoning                    5
   d - Summon Forest                  Summoning/Translocation      5
   e - Summon Mana Viper              Hexes/Summoning              5
   f - Shadow Creatures               Summoning                    6
 D - a book of Dreams

   Spells                             Type                      Level
   a - Ensorcelled Hibernation        Hexes/Ice                    2
   b - Phase Shift                    Translocation                5
   c - Silence                        Hexes/Air                    5
   d - Darkness                       Hexes                        6
   e - Mass Confusion                 Hexes                        6
   f - Shadow Creatures               Summoning                    6
Miscellaneous
 u - a lamp of fire
 I - a piece from Xom's chessboard
 T - a box of beasts
Comestibles
 c - 24 fruits
 j - 7 meat rations
 r - 12 beef jerkies
 J - a slice of pizza
 M - 7 royal jellies
 V - 13 bread rations


   Skills:
 - Level 7.1 Fighting
 - Level 6.3 Dodging
 - Level 8.3 Stealth
 - Level 4.1 Shields
 + Level 11.6 Unarmed Combat
 - Level 8.0 Spellcasting
 - Level 10.0 Hexes
 - Level 13.1 Summonings


You had 9 spell levels left.
You knew the following spells:

 Your Spells              Type           Power        Failure   Level  Hunger
a - Recall                Summ/Tloc      N/A          7%          3    ##.....
b - Ensorcelled Hibernat  Hex/Ice        #.....       5%          2    None
c - Summon Demon          Summ           ######....   4%          5    #####..
d - Aura of Abjuration    Summ           ######....   4%          5    #####..
e - Summon Mana Viper     Hex/Summ       ######..     7%          5    #####..


Dungeon Overview and Level Annotations

Branches:
Dungeon (11/15)            Temple (1/1) D:7            Lair (5/8) D:8
 Shoals (0/4) Lair:5        Snake (0/4) Lair:5          Orc (2/2) D:11
    Elf (1/3) Orc:2

Altars:
Cheibriados
Elyvilon
Fedhas
Kikubaaqudgha
Makhleb
Nemelex Xobeh
Okawaru
Pakellas
Qazlal
Ru
Sif Muna
Trog
Yredelemnul
Zin
The Shining One

Shops:
D:3 }   D:5 !   D:10 [   Orc:1 (*[:[   Orc:2 =[(*(


Innate Abilities, Weirdness & Mutations

You cannot wear most types of armour.
You are amphibious.
You can wear up to eight rings at the same time.
You can use your tentacles to constrict eight enemies at once.
Your skin changes colour to match your surroundings (Stealth).
Your rubbery body absorbs attacks (AC +1).
You have a pair of small antennae on your head.
One of your tentacles bears a nasty spike.
You are partially covered in iridescent scales (AC +4).
You are partially covered in large bone plates (AC +2, SH +2).
You are partially covered in molten scales (AC +1).
You are very agile. (Dex +4)
You possess an exceptional clarity of mind.
Your mind is very acute. (Int +4)
Your flesh is almost immune to the effects of cold.
Your flesh is very heat resistant.
You are resistant to hostile enchantments.
You passively map a small area around you.
You are very robust (+20% HP).
You are resistant to electric shocks.
Your muscles are strong. (Str +2)
Your spells are a little harder to cast, but a little more powerful.
You evolve.


Message History

* * * LOW HITPOINT WARNING * * *
The demonic crawler barely misses you. The demonic crawler hits you!
* * * LOW HITPOINT WARNING * * *
The deep elf mage completely misses you.
The octopode closely misses you.
* * * LOW HITPOINT WARNING * * *
The octopode constricts you.
Your chaos spawn hits the demonic crawler but does no damage.
The demonic crawler hits your chaos spawn but does no damage.
The demonic crawler barely misses your chaos spawn.
The demonic crawler misses your chaos spawn.
The soul eater hits your soul eater!
Casting: Summon Demon
Confirm with . or Enter, or press ? or * to list all spells.
You open a gate to Pandemonium!
A demon appears!
You constrict the octopode. The jumping spider pounces on you.
* * * LOW HITPOINT WARNING * * *
The jumping spider bites you!
You die...
Xom thinks this is hilarious!

*'## , , , *,,
*#... * * * #..## *
#.* ######5...# ,
#.* #.'#.)e.s.. *
#. ##.#sD3ยง#*
###'#####3##33###,,
#.....##3###ss# , ,
##.....#'## #@4# ,
#.......## #xe# , ,
##.......## #.Y#
#.........# #.e., *
##...(...## +#.Y. *
#.......# *,*##..,
##.....#+ * *#..
#.)...# * , #..
####'## ##'


You could see a swamp dragon, a soul eater, 2 demonic crawlers, an octopode, 3
deep elf magi, a jumping spider, 2 ice beasts, an iron imp, a friendly soul
eater, a friendly sixfirhy and a friendly chaos spawn.

Vanquished Creatures
  Gastronok (D:10)
  A minotaur (Lab)
  Josephine (Lair:5)
  An ice dragon (Lair:5)
  A hydra (Lair:2)
  4 dancing weapons (Elf:1)
  Urug (D:10)
  An unseen horror (D:11)
  A deep elf archer (Elf:1)
  A hill giant (D:11)
  2 orc knights (Orc:2)
  2 orc sorcerers
  8 deep elf magi (Elf:1)
  2 black mambas (Lair:5)
  3 elephants (Lair:5)
  Psyche (D:11)
  7 spiny frogs
  A centaur skeleton (D:10)
  6 komodo dragons
  2 polar bears (Lair:5)
  4 trolls
  The ghost of kinazarov the Chopper, a novice VSGl of Kikubaaqudgha (D:5)
  A two-headed ogre (D:10)
  A queen bee (D:9)
  Grinder (D:3)
  3 wraiths (Lair:5)
  An air elemental (Elf:1)
  20 yaks
  A basilisk (Lair:5)
  5 hippogriffs
  Eustachio (D:5)
  A human (shapeshifter) (Elf:1)
  2 hungry ghosts
  Menkaure (D:5)
  A warg (Orc:2)
  2 spatial vortices
  3 wolves (Lair:3)
  5 water moccasins
  6 porcupines
  15 orc warriors
  Purgy (D:4)
  11 ice beasts
  2 slaves
  4 sky beasts
  A black bear (Lair:3)
  A black bear (shapeshifter) (Lair:1)
  7 ogres
  3 phantoms
  5 crocodiles
  7 centaurs
  7 big kobolds (Sewer)
  15 giant frogs
  5 scorpions
  4 wights (D:11)
  26 killer bees
  A crimson imp (D:11)
  2 giant frog zombies
  A quasit (D:10)
  10 orc priests
  2 centaur zombies
  2 giant frog skeletons
  3 jellies
  11 orc wizards
  3 hounds
  Crazy Yiuf (D:6)
  7 worker ants
  13 iguanas
  3 killer bee zombies
  23 sheep
  A hound zombie (D:7)
  2 hound skeletons
  20 gnolls
  7 adders
  34 river rats
  2 shadow imps
  2 white imps (Lair:5)
  5 oozes
  3 adder zombies
  2 adder skeletons
  5 worms
  5 giant geckos
  38 orcs
  2 giant cockroaches (D:3)
  9 goblins
  5 hobgoblins
  12 jackals
  4 quokkas
  A ball python (Sewer)
  12 bats
  A giant gecko skeleton (D:6)
  4 giant newts
  A jackal zombie (D:6)
  11 kobolds
  2 quokka skeletons
  7 rats
  3 fungi
503 creatures vanquished.

Vanquished Creatures (collateral kills)
  An orc warlord (Orc:2)
  A catoblepas (Lair:3)
  A dancing weapon (Elf:1)
  An orc high priest (Orc:2)
  A deep elf knight (Elf:1)
  Pikel (D:4)
  3 deep elf magi (Elf:1)
  2 orc sorcerers
  3 orc knights (Orc:2)
  An ice statue (Lair:5)
  A black mamba (Lair:1)
  A two-headed ogre (D:9)
  A troll (Orc:2)
  4 yaks (Lair:1)
  A wraith (Lair:5)
  A hippogriff (Lair:1)
  A warg (Orc:2)
  3 water moccasins
  10 orc warriors
  An ogre (Orc:2)
  2 giant frogs
  A killer bee (D:9)
  2 orc priests
  6 orc wizards
  A gnoll shaman (D:8)
  2 iguanas (Lair:1)
  A gnoll (D:8)
  13 orcs
67 creatures vanquished.

Vanquished Creatures (others)
  Fannar (Lair:1)
  An orc warrior (D:8)
  An ogre (D:11)
  A giant frog (Lair:1)
  A killer bee (D:9)
  An orc (D:9)
  A quokka (D:9)
  7 fungi
  A plant (Lair:4)
15 creatures vanquished.

Grand Total: 585 creatures vanquished

Notes
Turn   | Place    | Note
--------------------------------------------------------------
     0 | D:1      | Reinor the Octopode Chaos Knight began the quest for the Orb.
     0 | D:1      | Reached XP level 1. HP: 16/16 MP: 1/1
    52 | D:1      | Reached XP level 2. HP: 13/21 MP: 2/2
   259 | D:1      | XOM: divination: detect creatures
   336 | D:1      | XOM: silly message
   465 | D:1      | XOM: noise
   653 | D:1      | XOM: colour smoke trail
   721 | D:2      | Found an ancient bone altar of Kikubaaqudgha.
   721 | D:2      | Found a blossoming altar of Fedhas.
   779 | D:2      | Found a sacrificial altar of Ru.
   857 | D:2      | XOM: colour smoke trail
   898 | D:2      | XOM: confuse monster(s)
   903 | D:2      | Reached skill level 4 in Unarmed Combat
  1198 | D:2      | Reached XP level 3. HP: 24/26 MP: 3/3
  1364 | D:2      | Found a glowing silver altar of Zin.
  1364 | D:2      | Found a burning altar of Makhleb.
  1365 | D:2      | Noticed a green death
  1365 | D:2      | Noticed an angel
  1457 | D:2      | Found a burning altar of Makhleb.
  1457 | D:2      | Noticed a green death
  1655 | D:3      | XOM is BORED!
  1655 | D:3      | XOM: medium Erth miscast
  1902 | D:3      | Reached XP level 4. HP: 28/31 MP: 4/4
  1922 | D:3      | Noticed Grinder
  1930 | D:3      | XOM: butterfly on damage
  1931 | D:3      | XOM: enchant monster (bad)
  1931 | D:3      | Paralysed by Grinder for 7 turns
  1942 | D:3      | Killed Grinder
  1942 | D:3      | Reached skill level 6 in Unarmed Combat
  1942 | D:3      | Reached XP level 5. HP: 12/36 MP: 5/5
  1942 | D:3      | Reached XP level 6. HP: 14/42 MP: 6/6
  2136 | D:3      | Reached skill level 1 in Stealth
  2257 | D:3      | XOM is BORED!
  2257 | D:3      | XOM: mild Ice miscast
  2267 | D:3      | XOM: enchant monster (bad)
  2291 | D:3      | XOM: medium Chrm miscast
  2355 | D:3      | XOM: cast spell 'Summon Mana Viper'
  2403 | D:3      | XOM: colour smoke trail
  2494 | D:3      | Found an oddly glowing altar of Pakellas.
  2494 | D:3      | Found Pakellas's Prime Provisions.
  2586 | D:3      | XOM: harmless Tloc miscast
  2658 | D:3      | XOM: colour smoke trail
  2739 | D:3      | Found a glowing golden altar of the Shining One.
  2812 | D:4      | XOM: colour smoke trail
  2818 | D:4      | Noticed Pikel
  2818 | D:4      | Noticed a slave
  2831 | D:4      | Noticed a slave
  2832 | D:4      | Noticed a slave
  2854 | D:3      | Killed a slave
  2858 | D:3      | XOM: cast spell 'Summon Butterflies'
  2862 | D:3      | XOM: silly message
  2904 | D:3      | XOM: god gift: broad axe {god gift}
  3271 | D:4      | Noticed a slave
  3281 | D:4      | Killed a slave
  3298 | D:4      | Killed Pikel
  3298 | D:4      | Reached skill level 8 in Stealth
  3298 | D:4      | Reached XP level 7. HP: 6/46 MP: 7/7
  3398 | D:4      | XOM: god gift: lamp of fire
  3436 | D:4      | XOM: mild Hex miscast
  3657 | D:4      | Found a sparkling altar of Nemelex Xobeh.
  3657 | D:4      | Found an oddly glowing altar of Pakellas.
  3674 | D:4      | Reached XP level 8. HP: 31/52 MP: 8/8
  3690 | D:4      | Found a stormy altar of Qazlal.
  3690 | D:4      | Noticed Purgy
  3699 | D:4      | Killed Purgy
  3896 | D:4      | Found a bloodstained altar of Trog.
  3995 | D:4      | XOM is BORED!
  3995 | D:4      | XOM: medium Divn miscast
  4004 | D:4      | Learned a level 3 spell: Recall
  4092 | D:4      | Gained mutation: Scrolls take you a little longer to read. [potion of mutation]
  4092 | D:4      | Gained mutation: Your body sometimes deteriorates upon taking damage. [potion of mutation]
  4092 | D:4      | Gained mutation: You are partially covered in yellow scales (AC +2). [potion of mutation]
  4098 | D:5      | Entered Level 5 of the Dungeon
  4192 | D:5      | Reached skill level 5 in Dodging
  4266 | D:5      | Noticed Eustachio
  4277 | D:5      | Noticed Menkaure
  4278 | D:5      | XOM: smoke on damage
  4278 | D:5      | XOM: smoke on damage
  4279 | D:5      | XOM: fake destruction
  4280 | D:5      | Killed Eustachio
  4286 | D:5      | XOM: potion effect (curing)
  4304 | D:5      | XOM: swap monsters
  4549 | D:5      | Killed Menkaure
  4622 | D:5      | XOM: fog
  4691 | D:5      | XOM: divination: magic mapping
  4912 | D:5      | Noticed kinazarov's ghost (novice VSGl)
  5211 | D:5      | XOM: colour smoke trail
  5228 | D:5      | XOM: summons friendly quasit
  5242 | D:5      | Killed kinazarov's ghost
  5242 | D:5      | Reached skill level 5 in Fighting
  5242 | D:5      | Reached XP level 9. HP: 47/62 MP: 9/9
  5493 | D:5      | Found Onocsim's Distillery.
  5502 | D:5      | Bought a potion of poison for 14 gold pieces
  5502 | D:5      | Bought a potion of flight for 42 gold pieces
  5502 | D:5      | Bought a potion of mutation for 35 gold pieces
  5503 | D:5      | Gained mutation: You are agile. (Dex +2) [potion of mutation]
  5503 | D:5      | Gained mutation: You expend magic power (3 MP) to strengthen your wands. [potion of mutation]
  5503 | D:5      | Gained mutation: Your mind is acute. (Int +2) [potion of mutation]
  5505 | D:5      | Gained mutation: You are robust (+10% HP). [mutagenic meat]
  5506 | D:5      | Lost mutation: Your body sometimes deteriorates upon taking damage. [mutagenic meat]
  5507 | D:5      | Gained mutation: You are somewhat resistant to further mutation. [mutagenic meat]
  5791 | D:6      | XOM: vitrification
  5833 | D:6      | XOM: colour smoke trail
  5891 | D:6      | Learned a level 2 spell: Ensorcelled Hibernation
  5920 | D:6      | Reached skill level 1 in Spellcasting
  6127 | D:6      | Noticed Crazy Yiuf
  6133 | D:6      | Killed Crazy Yiuf
  6216 | D:6      | Found a glowing drain.
  6224 | Sewer    | Entered a sewer
  6252 | Sewer    | XOM: god gift: buckler {god gift}
  6686 | Sewer    | XOM: colour smoke trail
  6727 | Sewer    | XOM: smoke on damage
  6799 | Sewer    | XOM: confusion
  7027 | D:7      | XOM: enchant monster (good)
  7032 | D:7      | XOM: enchant monster (bad)
  7102 | D:7      | Reached skill level 5 in Spellcasting
  7109 | D:7      | Reached skill level 1 in Shields
  7181 | D:7      | XOM: silly message
  7186 | D:7      | XOM: colour smoke trail
  7204 | D:7      | Found a staircase to the Ecumenical Temple.
  7215 | D:7      | Reached XP level 10. HP: 28/78 MP: 17/17
  7227 | Temple   | XOM: noise
  7227 | Temple   | Entered the Ecumenical Temple
  7488 | D:7      | XOM: summons 4 hostile demons
  7663 | D:7      | XOM: summons 3 friendly demons
  7754 | D:7      | Reached skill level 1 in Hexes
  7759 | D:7      | XOM: chaos upgrade
  7808 | D:6      | XOM: silly message
  7898 | D:7      | Found a snail-covered altar of Cheibriados.
  7922 | D:7      | Learned a level 5 spell: Summon Demon
  7928 | D:7      | Learned a level 5 spell: Aura of Abjuration
  8286 | D:8      | Found a staircase to the Lair.
  8607 | D:8      | XOM: summons friendly crimson imp
  8609 | D:8      | XOM: divination: magic mapping
  8628 | D:8      | Reached skill level 5 in Hexes
  8957 | D:8      | XOM: confuse monster(s)
  8958 | D:8      | XOM: harmless Tloc miscast
  8995 | D:8      | XOM: mild Tloc miscast
  9158 | D:8      | Found a glowing silver altar of Zin.
  9200 | D:8      | Found a deep blue altar of Sif Muna.
  9207 | D:8      | XOM: cast spell 'Cause Fear'
  9344 | D:8      | XOM is BORED!
  9344 | D:8      | XOM: blink monster(s)
  9692 | D:8      | XOM: potion effect (brilliance)
  9789 | D:8      | XOM: cast spell 'Summon Small Mammal'
  9791 | D:8      | XOM: summons friendly white imp
 10027 | D:8      | XOM: divination: detect creatures
 10357 | D:9      | Found a white marble altar of Elyvilon.
 10636 | D:9      | XOM: summons friendly ufetubus
 10638 | D:9      | HP: 2/78 [orc warrior/mace (23)]
 10656 | D:9      | XOM: medium Fire miscast
 10668 | D:9      | XOM: give mutations
 10668 | D:9      | Gained mutation: One of your tentacles bears a spike. [Xom's grace]
 10668 | D:9      | Gained mutation: You possess an exceptional clarity of mind. [Xom's grace]
 10668 | D:9      | Gained mutation: Your flesh is cold resistant. [Xom's grace]
 10720 | D:9      | XOM: fog
 10737 | D:9      | XOM: summons friendly white imp
 10743 | D:9      | XOM: destruction
 10853 | D:8      | XOM: give mutations
 10853 | D:8      | Gained mutation: Your mind is very acute. (Int +4) [Xom's grace]
 10853 | D:8      | Gained mutation: You are very agile. (Dex +4) [Xom's grace]
 10853 | D:8      | Gained mutation: You are very robust (+20% HP). [Xom's grace]
 10853 | D:8      | Gained mutation: Your spells are a little harder to cast, but a little more powerful. [Xom's grace]
 10871 | D:8      | XOM: divine lightning
 11239 | D:9      | Reached skill level 1 in Summonings
 11292 | D:9      | Found a basalt altar of Yredelemnul.
 11494 | D:9      | Reached XP level 11. HP: 83/90 MP: 18/18
 11580 | D:9      | XOM: destruction
 11585 | D:9      | XOM: summons friendly iron imp
 11621 | D:9      | XOM: give mutations
 11621 | D:9      | Gained mutation: You are partially covered in large bone plates (AC +2, SH +2). [Xom's grace]
 11621 | D:9      | Gained mutation: You are extremely robust (+30% HP). [Xom's grace]
 11621 | D:9      | Gained mutation: You are partially covered in molten scales (AC +1). [Xom's grace]
 11621 | D:9      | Gained mutation: Your muscles are strong. (Str +2) [Xom's grace]
 11710 | D:9      | XOM: god gift: meat ration
 11918 | D:9      | XOM: god gift: meat ration
 12199 | D:10     | Entered Level 10 of the Dungeon
 12207 | D:10     | Reached skill level 5 in Summonings
 12210 | D:10     | Noticed Urug
 12219 | D:10     | Killed Urug
 12221 | D:10     | Found a stormy altar of Qazlal.
 12367 | D:10     | XOM: enchant monster (good)
 12373 | D:10     | Identified a +0 rod of ignition (13/13) (You found it on level 10 of the Dungeon)
 12756 | D:10     | XOM: divination: magic mapping
 12806 | D:10     | Found a glowing silver altar of Zin.
 12814 | D:10     | Noticed Gastronok
 12844 | D:10     | Killed Gastronok
 13128 | D:10     | Found Oclokarph's Armour Boutique.
 13286 | D:11     | Noticed Psyche
 13289 | D:11     | XOM: noise
 13300 | D:11     | Killed Psyche
 13385 | D:11     | Noticed a hill giant
 13397 | D:11     | XOM: cast spell 'Confusing Touch'
 13409 | D:11     | Killed a hill giant
 13456 | D:11     | XOM: divination: detect items
 13496 | D:11     | XOM: cast spell 'Confusing Touch'
 13499 | D:11     | XOM: medium Ice miscast
 13511 | D:11     | XOM: 2-stop teleportation journey
 13539 | D:11     | HP: 1/97 [something (11)]
 13949 | D:9      | XOM: vitrification
 13996 | Lair:1   | Entered Level 1 of the Lair of Beasts
 13996 | Lair:1   | Noticed Fannar
 14122 | Lair:1   | XOM: divine lightning
 14131 | Lair:1   | Killed Fannar
 14242 | D:8      | XOM: vitrification
 14453 | Lair:1   | XOM: polymorph black mamba -> shapeshifter
 14466 | Lair:1   | XOM: cast spell 'Summon Dragon'
 14530 | Lair:1   | Reached skill level 9 in Unarmed Combat
 14530 | Lair:1   | Reached XP level 12. HP: 96/105 MP: 17/19
 14672 | Lair:1   | XOM: harmless Summ miscast
 15064 | Lair:1   | XOM: harmless Tloc miscast
 15121 | Lair:1   | XOM: give mutation
 15121 | Lair:1   | Gained mutation: You have a pair of small antennae on your head. [Xom's grace]
 15361 | Lair:2   | Noticed a six-headed hydra
 15372 | Lair:2   | Killed a six-headed hydra
 15372 | Lair:2   | Reached skill level 10 in Unarmed Combat
 15493 | Lair:2   | XOM: give mutations
 15493 | Lair:2   | Lost mutation: Scrolls take you a little longer to read. [Xom's mischief]
 15493 | Lair:2   | Lost mutation: You are somewhat resistant to further mutation. [Xom's mischief]
 15505 | Lair:2   | XOM: harmless Tloc miscast
 15585 | Lair:2   | XOM: vitrification
 15591 | Lair:2   | XOM: give mutations
 15591 | Lair:2   | Gained mutation: You are resistant to electric shocks. [Xom's grace]
 15591 | Lair:2   | Gained mutation: Your flesh is heat resistant. [Xom's grace]
 15591 | Lair:2   | Gained mutation: You have a beak for a mouth. [Xom's grace]
 16112 | Lair:3   | XOM: potion effect (berserk rage)
 16178 | Lair:3   | XOM: fake destruction
 16185 | Lair:3   | XOM: swap monsters
 16195 | Lair:3   | XOM: destruction
 16203 | Lair:3   | Reached skill level 11 in Unarmed Combat
 16295 | Lair:3   | Found a labyrinth entrance.
 16306 | Lab      | Entered a labyrinth
 16668 | Lab      | XOM: divination: detect items
 16711 | Lab      | XOM: divination: magic mapping
 17316 | Lab      | Noticed a minotaur
 17324 | Lab      | Killed a minotaur
 17326 | Lab      | Got a bound bronze ring
 17415 | Lab      | Identified the ring "Xoot" {rElec rPois Str+3} (You found it in a labyrinth)
 17435 | Lair:3   | Noticed a catoblepas
 17475 | Lair:3   | XOM: cast spell 'Chain of Chaos'
 17597 | Lair:3   | Learned a level 5 spell: Summon Mana Viper
 17793 | Lair:3   | XOM: 4-stop teleportation journey
 17839 | Lair:3   | XOM: destruction
 17844 | Lair:3   | XOM: 1-stop teleportation journey
 17899 | Lair:3   | Killed a catoblepas
 17926 | Lair:3   | XOM: give mutation
 17926 | Lair:3   | Gained mutation: You passively map a small area around you. [Xom's grace]
 17965 | Lair:3   | XOM: harmless Conj miscast
 18449 | Lair:4   | XOM: harmless Divn miscast
 18509 | Lair:4   | Found a deep blue altar of Sif Muna.
 18586 | Lair:4   | Reached skill level 10 in Summonings
 18597 | Lair:4   | XOM: enchant monster (bad)
 18613 | Lair:4   | XOM: colour smoke trail
 18722 | Lair:4   | XOM: stat loss: -1 Int (17/18)
 18764 | Lair:4   | XOM: colour smoke trail
 18788 | Lair:4   | XOM: give mutations
 18788 | Lair:4   | Lost mutation: You expend magic power (3 MP) to strengthen your wands. [Xom's mischief]
 18788 | Lair:4   | Lost mutation: You have a beak for a mouth. [Xom's mischief]
 18865 | Lair:4   | XOM: 4-stop teleportation journey
 18900 | Lair:4   | XOM: potion effect (brilliance)
 18907 | Lair:4   | XOM: harmless Chrm miscast
 18920 | Lair:4   | XOM: smoke on damage
 18983 | Lair:4   | Noticed a four-headed hydra
 19594 | Lair:5   | Reached XP level 13. HP: 62/111 MP: 20/20
 19740 | Lair:5   | XOM: mild Chrm miscast
 19865 | Lair:5   | XOM is BORED!
 19865 | Lair:5   | XOM: give mutations
 19865 | Lair:5   | Lost mutation: Your mind is very acute. (Int +4) [Xom's mischief]
 19865 | Lair:5   | Lost mutation: You are extremely robust (+30% HP). [Xom's mischief]
 19865 | Lair:5   | Lost mutation: You are partially covered in yellow scales (AC +2). [Xom's mischief]
 19919 | Lair:5   | Noticed an ice dragon
 19945 | Lair:5   | Reached skill level 10 in Hexes
 20066 | Lair:5   | Found a staircase to the Snake Pit.
 20097 | Lair:5   | Noticed Josephine
 20112 | Lair:5   | Killed Josephine
 20118 | Lair:5   | XOM: noise
 20192 | Lair:5   | XOM: silly message
 20239 | Lair:5   | XOM: silly message
 20464 | Lair:5   | XOM: silly message
 20480 | Lair:5   | XOM: give mutations
 20480 | Lair:5   | Gained mutation: Your flesh is very cold resistant. [Xom's grace]
 20480 | Lair:5   | Gained mutation: One of your tentacles bears a nasty spike. [Xom's grace]
 20480 | Lair:5   | Gained mutation: You are resistant to hostile enchantments. [Xom's grace]
 20923 | Lair:5   | XOM: noise
 20933 | Lair:5   | Killed an ice dragon
 20939 | Lair:5   | XOM: cast spell 'Spider Form'
 20948 | Lair:5   | XOM: vitrification
 20951 | Lair:5   | XOM: 1-stop teleportation journey
 21022 | Lair:5   | XOM: blink monster(s)
 21024 | Lair:5   | XOM: confuse monster(s)
 21027 | Lair:5   | XOM: summons friendly iron imp
 21046 | Lair:5   | Got a twitching garnet amulet
 21052 | Lair:5   | Identified the amulet of Duver {+Rage rF+} (You found it on level 5 of the Lair of Beasts)
 21314 | Lair:5   | Found a staircase to the Shoals.
 21760 | Lair:1   | XOM: mild Summ miscast
 22022 | D:11     | XOM: enchant monster (good)
 22089 | D:11     | Found a staircase to the Orcish Mines.
 22263 | Orc:1    | Entered Level 1 of the Orcish Mines
 22264 | Orc:1    | Found Kufef's Armour Shop.
 22281 | Orc:1    | Found Favvexawoi's Book Boutique.
 22298 | Orc:1    | Found Jufixt's Antique Armour Boutique.
 22426 | Orc:1    | XOM: god gift: slimy jade ring {god gift}
 22427 | Orc:1    | Got a slimy jade ring {god gift}
 22428 | Orc:1    | Identified the ring "Ibipp" {SInv Stlth+} (Xom gifted it to you on level 1 of the Orcish Mines)
 22489 | Orc:1    | Found Ahaciuf's General Store.
 22498 | Orc:1    | Bought 2 potions of cancellation for 224 gold pieces
 22498 | Orc:1    | Bought a box of beasts for 280 gold pieces
 22644 | Orc:2    | Entered Level 2 of the Orcish Mines
 22708 | Orc:1    | Found Elaumy's Weapon Shoppe.
 22817 | Orc:2    | Found Byzosha Qant's Weapon Emporium.
 22844 | Orc:2    | Found Qentulus's Antique Weapon Emporium.
 22864 | Orc:2    | XOM: summons 2 friendly demons
 22877 | Orc:2    | XOM: 3-stop teleportation journey
 22956 | Orc:2    | Found Bixkui's Antique Armour Shop.
 22964 | Orc:2    | XOM: polymorph orc warrior -> porcupine
 23005 | Orc:2    | Noticed an orc warlord
 23007 | Orc:2    | XOM: divination: magic mapping
 23010 | Orc:2    | Killed an orc warlord
 23075 | Orc:2    | Found a staircase to the Elven Halls.
 23118 | Orc:2    | Found Neklam's Jewellery Boutique.
 23126 | Orc:2    | Bought a cursed ring of teleportation for 81 gold pieces
 23215 | Orc:2    | Found Aposhu's General Store.
 23219 | Orc:2    | XOM: potion effect (berserk rage)
 23224 | Orc:2    | XOM: swap monsters
 23244 | Orc:2    | Reached skill level 12 in Summonings
 23265 | Orc:2    | Bought a scroll of fog for 22 gold pieces
 23360 | Orc:2    | XOM: swap monsters
 23363 | Orc:2    | XOM: confuse monster(s)
 23424 | Orc:2    | XOM: vitrification
 23595 | Orc:1    | XOM: confuse monster(s)
 23659 | Elf:1    | Entered Level 1 of the Elven Halls
 23676 | Elf:1    | Reached XP level 14. HP: 52/110 MP: 26/26
 24269 | Elf:1    | Reached skill level 13 in Summonings
 24297 | Elf:1    | XOM: give mutations
 24297 | Elf:1    | Gained mutation: You are partially covered in iridescent scales (AC +4). [Xom's grace]
 24297 | Elf:1    | Gained mutation: Your flesh is almost immune to the effects of cold. [Xom's grace]
 24297 | Elf:1    | Gained mutation: Your mind is very acute. (Int +4) [Xom's grace]
 24546 | Elf:1    | XOM: smoke on damage
 24547 | Elf:1    | XOM: enchant monster (good)
 24549 | Elf:1    | XOM: swap monsters
 24556 | Elf:1    | XOM: summons 3 friendly demons
 24762 | Elf:1    | XOM: give mutations
 24762 | Elf:1    | Gained mutation: Your flesh is very heat resistant. [Xom's grace]
 24762 | Elf:1    | Gained mutation: You are somewhat resistant to further mutation. [Xom's grace]
 24762 | Elf:1    | Lost mutation: You are somewhat resistant to further mutation. [Xom's grace]
 24762 | Elf:1    | Gained mutation: You evolve. [Xom's grace]
 24831 | Elf:1    | XOM: smoke on damage
 24832 | Elf:1    | XOM: polymorph jumping spider -> octopode
 24834 | Elf:1    | XOM: polymorph deep elf mage -> swamp dragon
 24836 | Elf:1    | Slain by a jumping spider

Vault maps used:
D:1:      matt_arrival_spirals, minmay_bisected
D:2:      grunt_temple_overflow_order_and_chaos_2,
          grunt_temple_overflow_growth_and_decay,
          nicolae_ru_sacrificial_ziggurat, makhleb_altar_promises_db
D:3:      tso_altar, first_bread, johnstein_pakellas_shop, uniq_grinder
D:4:      grunt_temple_overflow_cloverleaf, uniq_purgy, uniq_pikel
D:5:      serial_shops, nicolae_shop_stone, minmay_misc_feat_columns,
          uniq_eustachio, uniq_menkaure
D:6:      lightli_sewer_entry_pipes, roderic_hopi_sauvastika,
          uniq_crazy_yiuf_cottage
D:7:      kennysheep_mini_moat, temple_green
D:8:      lemuel_crystal_altar, lair_0_dummy, basic_altar, grunt_ogre_cave,
          bh_walls_and_bars
D:9:      yredelemnul_altar_generic, elyvilon_altar_4, minivault_7
D:10:     basic_altar, serial_shops, shop, nicolae_qazlal_general_emergency,
          uniq_urug, uniq_gastronok
D:11:     orc_0_dummy, uniq_psyche
Temple:   hc_temple_tempest_star
Lair:1:   uniq_fannar
Lair:2:   beast_lair_carwin_5
Lair:3:   lab_entry_generic
Lair:4:   basic_altar, grunt_megastairs_2
Lair:5:   elwin_shoals_entry_rocks, dummy_snake_entry, ice2_lemuel,
          lemuel_fruit_tree, lemuel_fruit_fields, uniq_josephine
Orc:1:    serial_shops, shop, shop_fountains, nicolae_shop_trees, shop,
          nicolae_shop_waterfront
Orc:2:    grunt_orc_gardens, grunt_orc_garden, grunt_orc_garden,
          grunt_orc_garden, grunt_orc_garden, serial_shops, shop,
          nicolae_orc_crystal_geode
Elf:1:    elf_arrival_001, minmay_elf_crystal_heptagon
Lab:      labyrinth_skeletal_remains
Sewer:    sewer_co_tree

Action                   |  1- 3 |  4- 6 |  7- 9 | 10-12 | 13-15 || total
-------------------------+-------+-------+-------+-------+-------++-------
Melee: Unarmed           |    66 |    66 |   193 |   675 |   276 ||  1276
       Staff             |       |       |       |       |    40 ||    40
 Cast: Ensorcelled Hiber |       |       |       |    14 |     1 ||    15
       Summon Demon      |       |       |       |     2 |    22 ||    24
       Summon Mana Viper |       |       |       |       |     2 ||     2
Evoke: Lamp of fire      |       |       |     1 |     1 |     1 ||     3
       Wand              |       |       |     2 |     2 |    14 ||    18
  Use: Scroll            |     7 |     2 |     4 |    19 |     5 ||    37
       Potion            |       |     1 |     3 |     9 |     5 ||    18
 Stab: Sleeping          |     7 |     5 |    39 |    52 |    11 ||   114
       Distracted        |       |       |     1 |     5 |     1 ||     7
       Paralysed         |       |       |     2 |       |       ||     2
       Confused          |       |       |       |     3 |     6 ||     9
       Invisible         |       |       |       |     1 |       ||     1
  Eat: Chunk             |    10 |     9 |    14 |    61 |    20 ||   114
       Pizza             |       |       |       |     1 |       ||     1
